 Dungeon Crawl Stone Soup version 0.29.0-13-gc9e81de378 (webtiles) character file.

Game seed: 4337675435490959541

204 iguanaiguana the Chopper (level 5, 0/47 HPs)
             Began as a Minotaur Fighter on Sept 7, 2022.
             Succumbed to an orc wizard's poison
             ... on level 3 of the Dungeon.
             The game lasted 00:01:01 (2422 turns).

iguanaiguana the Chopper (Minotaur Fighter)         Turns: 2422, Time: 00:01:02

Health: 0/47       AC:  7    Str: 29    XL:     5   Next: 52%
Magic:  4/4        EV:  9    Int:  5    God:
Gold:   79         SH:  4    Dex:  9    Spells: 4/4 levels left

rFire   . . .      SeeInvis .   a - +0 war axe
rCold   . . .      Faith    .   c - +0 buckler
rNeg    . . .      Spirit   .   b - +0 scale mail
rPois   .          Reflect  .   (helmet restricted)
rElec   .          Harm     .   (no cloak)
rCorr   .          Rampage  .   (no gloves)
Will    .....                   (no boots)
Stlth   ..........              (no amulet)
HPRegen 0.15/turn               k - +6 ring of strength
MPRegen 0.09/turn               (no ring)

@: lethally poisoned (0 -> -16)
A: horns 2, retaliatory headbutt
a: no special abilities


You were on level 3 of the Dungeon.
You visited 1 branch of the dungeon, and saw 3 of its levels.

You collected 79 gold pieces.

Inventory:

Hand Weapons
 a - a +0 war axe (weapon)
Missiles
 n - 5 poisoned darts (quivered)
 r - 2 boomerangs
Armour
 b - a +0 scale mail (worn)
 c - a +0 buckler (worn)
Jewellery
 k - a +6 ring of strength (left hand)
Wands
 o - a wand of digging (7) {@v3}
 s - a wand of mindburst (23)
Scrolls
 e - 2 scrolls of identify {unknown}
 g - 2 scrolls of poison {unknown}
 i - a scroll of magic mapping {unknown}
 j - a scroll of blinking {unknown}
 m - 2 scrolls of teleportation {unknown}
 p - a scroll of noise {unknown}
 t - a scroll of enchant armour {unknown}
Potions
 d - 2 potions of might {@q3}
 f - a potion of heal wounds {unknown}
 h - a potion of cancellation {unknown}
 l - a potion of lignification {unknown}
 q - a potion of mutation {unknown}


   Skills:
 + Level 4.7 Fighting
 * Level 4.8 Axes
 + Level 4.6 Armour
 + Level 4.7 Shields


You had 4 spell levels left.
You didn't know any spells.
Your spell library contained the following spells:

 Spells                   Type           Power      Damage    Failure   Level
 Magic Dart               Conj           0%         1d3       82%         1
 Tukima's Dance           Hex            0%         N/A       99%         3
 Passage of Golubria      Tloc           0%         N/A       100%        4
 Yara's Violent Unravell  Hex/Tmut       0%         3d3       100%        5


Dungeon Overview and Level Annotations

Branches:
Dungeon (3/15) Zot: 15525

Altars:
Xom


Innate Abilities, Weirdness & Mutations

You have a pair of horns on your head.
You reflexively headbutt those who attack you in melee.


Message History

The ball python constricts you.
There are monsters nearby!
You slash the ball python!
You kill the ball python!
You closely miss the bat. You closely miss something.
You hit the orc but do no damage.
You feel very sick.
You are more poisoned.
You are too injured to fight recklessly!
You are too injured to fight recklessly!
There are monsters nearby!
You are too injured to fight recklessly!
You are too injured to fight recklessly!
You are too injured to fight recklessly!
There are monsters nearby!
You are too injured to fight recklessly!
You are too injured to fight recklessly!
You are too injured to fight recklessly!
There are monsters nearby!
You are too injured to fight recklessly!
You are too injured to fight recklessly!
You are too injured to fight recklessly!
There are monsters nearby!
You miss the bat.
You kill the bat!
You miss something. You hit the orc. You closely miss the orc.
* * * LOW HITPOINT WARNING * * *
You feel extremely sick. Something hits you.
* * * LOW HITPOINT WARNING * * *
You are lethally poisoned!
The orc hits you with a +0 mace.
* * * LOW HITPOINT WARNING * * *
You kill the orc!
* * * LOW HITPOINT WARNING * * *
You feel very sick.
* * * LOW HITPOINT WARNING * * *
You feel very sick. The orc attacks as you move away!
The orc hits you with a +0 dagger.
* * * LOW HITPOINT WARNING * * *
You die...

##### #####..
#...######.......
#..........#
#...#####@.#
##.## #..# #.#
#Jo# #.# #.)# #.#
#)†....?. #.#
##.##..#. #.# .#
.# #.# .. .. #.#
.$. ?


You could see an orc and an endoplasm.

Vanquished Creatures
  An orc priest (D:3)
  Terence (D:3)
  An orc wizard (D:3)
  3 adders
  2 dart slugs
  8 orcs (D:3)
  8 ball pythons
  8 endoplasms
  2 giant cockroaches (D:3)
  3 goblins
  4 hobgoblins
  11 jackals
  5 kobolds
  6 quokkas
  8 bats
  2 frilled lizards
  6 rats
79 creatures vanquished.

Vanquished Creatures (others)
  A fungus (D:2)
  3 plants (D:2)
4 creatures vanquished.

Grand Total: 83 creatures vanquished

Notes
Turn   | Place    | Note
-------+----------+-------------------------------------------
     0 | D:1      | iguanaiguana the Minotaur Fighter began the quest for the
                  | Orb.
     0 | D:1      | Reached XP level 1. HP: 19/19 MP: 0/0
    53 | D:1      | Reached XP level 2. HP: 27/27 MP: 1/1
   432 | D:1      | Reached XP level 3. HP: 33/33 MP: 2/2
   730 | D:2      | Found a faded altar of an unknown god.
   735 | D:2      | Got Plato's Atlas of Conflict
   853 | D:2      | Found a shimmering altar of Xom.
  1258 | D:2      | Reached XP level 4. HP: 31/40 MP: 3/3
  1705 | D:3      | Noticed Terence
  1717 | D:3      | Killed Terence
  1894 | D:3      | Reached XP level 5. HP: 9/47 MP: 4/4
  2422 | D:3      | HP: 2/47 [orc/+0 dagger (2)]
  2422 | D:3      | Succumbed to an orc wizard's poison

Illustrated notes

Levels and vault maps discovered:
D:1:      dpeg_arrival_stonehenge_12_columns, layout_basic,
          amcnicky_mini_pool_small, minivault_14, minmay_hexomino_f4
D:2:      layout_basic, basic_altar, shapermc_ecumenical_altar_rom_forum
D:3:      layout_loops_ring, uniq_terence

Skill      XL: |  1  2  3  4 |
---------------+-------------+-----
Axes           | 3 4 |  4.8
Shields        | 4 |  4.7
Fighting       | 4 |  4.7
Armour         | 4 |  4.6

Action                   |  1- 3 |  4- 6 || total
-------------------------+-------+-------++-------
Melee: War axe           |    83 |    71 ||   154
       Headbutt          |     7 |    11 ||    18
Armor: Scale mail        |    53 |    35 ||    88
Dodge: Dodged            |    42 |    44 ||    86
Block: Buckler           |    28 |    15 ||    43
